 Dungeon Crawl Stone Soup version 0.26.0-18-gc5c842f807 (webtiles) character file.

Game seed: 18371649484106952186

94 Kejsarherre the Skirmisher (level 4, 0/45 HPs)
             Began as a Minotaur Berserker on Jan 22, 2021.
             Was a Follower of Trog.
             Slain by Grinder (6 damage)
             ... on level 4 of the Dungeon.
             The game lasted 00:02:14 (1532 turns).

Kejsarherre the Skirmisher (Minotaur Berserker)     Turns: 1532, Time: 00:02:14

Health: 0/45       AC:  6    Str: 22    XL:     4   Next: 38%
Magic:  3/3        EV: 10    Int:  4    God:    Trog [*.....]
Gold:   132        SH:  3    Dex: 10    Spells: 3/3 levels left

rFire    . . .     SeeInvis .   a - +0 hand axe
rCold    + . .     Faith    .   s - +0 buckler
rNeg     . . .     Spirit   .   h - +0 ring mail
rPois    .         Reflect  .   (helmet restricted)
rElec    .         Harm     .   (no cloak)
rCorr    .         Rampage  .   (no gloves)
Will     .....                  k - +0 pair of boots
Stlth    ..........             (no amulet)
HPRegen  0.15/turn              n - ring of protection from cold
MPRegen  0.08/turn              (no ring)

@: berserk cooldown, slowed, very slow
A: retaliatory headbutt, horns 2
a: Renounce Religion, Berserk


You were on level 4 of the Dungeon.
You worshipped Trog.
Trog was aware of your devotion.
You visited 1 branch of the dungeon, and saw 4 of its levels.

You collected 132 gold pieces.

Inventory:

Hand Weapons
 a - a +0 hand axe (weapon)
Armour
 h - a +0 ring mail (worn)
 k - a +0 pair of boots (worn)
 s - a +0 buckler (worn)
Jewellery
 n - a ring of protection from cold (left hand)
 p - an uncursed ring of protection from fire {unknown}
Wands
 r - a wand of digging (5)
Scrolls
 e - a scroll of fear {unknown}
 f - a scroll of noise {unknown}
 g - a scroll of random uselessness {unknown}
 l - a scroll of teleportation {unknown}
 m - 5 scrolls of identify {unknown}
 o - a scroll of immolation {unknown}
 t - a scroll of fog {unknown}
Potions
 b - a potion of cancellation {unknown}
 c - a potion of resistance {unknown}
 d - 2 potions of curing
 i - 3 potions of flight {unknown}
 j - a potion of brilliance {unknown}
 q - 2 potions of ambrosia {unknown}
 u - a potion of haste {unknown}


   Skills:
 + Level 6.3 Fighting
 - Level 3.6 Axes
 - Level 2.4 Armour
 - Level 2.1 Dodging
 + Level 0.1 Shields


You had 3 spell levels left.
You didn't know any spells.
Your spell library was empty.

Dungeon Overview and Level Annotations

Branches:
Dungeon (4/15)
 Temple: D:4-7

Altars:

Annotations:
D:4 Grinder


Innate Abilities, Weirdness & Mutations

You reflexively headbutt those who attack you in melee.
You have a pair of horns on your head.


Message History

You barely miss Grinder.
Grinder is almost dead.
Grinder hits you.
* * * LOW HITPOINT WARNING * * *
You writhe in agony.
* * * LOW HITPOINT WARNING * * *
Grinder grins, showing sharp teeth.
Grinder blinks!
Unknown command.
You feel better. Grinder hits you!
* * * LOW HITPOINT WARNING * * *
You writhe in agony.
* * * LOW HITPOINT WARNING * * *
Grinder gestures at you. You resist with significant effort.
You barely miss Grinder.
Grinder is almost dead.
Grinder hits you.
You die...

..# ...
#.#.##....#
... ##
#.#.#######
#### #.#.#
### .#.####
#.. #.†..#
### #.#
####.#
#..##.#####
#.#
#..5....###.#
#..@........#
#.......#####
####.#### #.#
........#
##.......
####.#### #.
..


You could see Grinder.

Vanquished Creatures
  5 adders
  An ooze (D:1)
  2 dart slugs
  2 leopard geckos
  A giant cockroach (D:2)
  5 goblins
  9 hobgoblins
  A quokka (D:4)
  A ball python (D:1)
  4 bats
  6 kobolds
  A rat (D:1)
38 creatures vanquished.

Notes
Turn   | Place    | Note
-------+----------+-------------------------------------------
     0 | D:1      | Kejsarherre the Minotaur Berserker began the quest for the
                  | Orb.
     0 | D:1      | Reached XP level 1. HP: 19/19 MP: 0/0
   109 | D:1      | Reached skill level 4 in Fighting
   145 | D:1      | Reached XP level 2. HP: 27/28 MP: 1/1
   659 | D:2      | Reached skill level 5 in Fighting
   817 | D:2      | Reached XP level 3. HP: 31/36 MP: 2/2
   981 | D:2      | Reached skill level 6 in Fighting
   981 | D:2      | Reached XP level 4. HP: 44/44 MP: 3/3
  1507 | D:4      | Noticed Grinder
  1509 | D:4      | Paralysed by Grinder for 3 turns
  1532 | D:4      | Slain by Grinder

Illustrated notes

Levels and vault maps discovered:
D:1:      kennysheep_arrival_forest, layout_rooms, minmay_fountain_box
D:2:      layout_loops_ring, lemuel_blue_sif_altar,
          nicolae_overflow_hidden_temple
D:3:      layout_loops_ring, nicolae_gozag_seed_capital
D:4:      layout_loops_ring, serial_co_window_serial,
          co_window_of_opportunity_a, co_window_paths_b, co_window_paths_b,
          co_window_corner_a, co_window_cross_1, co_window_of_opportunity_c,
          co_window_of_opportunity_b, co_window_corner_ca, co_window_4corner_a,
          co_window_sun, glass_columns_c, glass_columns_a, glass_columns_c,
          glass_columns_b, glass_columns_a, uniq_sigmund, uniq_eustachio,
          uniq_grinder

Skill      XL: |  1  2  3 |
---------------+----------+-----
Fighting       | 4 5 6 |  6.3
Axes           | |  3.6
Armour         | |  2.4
Dodging        | |  2.1
Shields        | |  0.1

Action                   |  1- 3 |  4- 6 || total
-------------------------+-------+-------++-------
Melee: Hand axe          |    61 |    37 ||    98
       Headbutt          |    10 |     3 ||    13
Invok: Berserk           |       |     1 ||     1
  Use: Potion            |       |     1 ||     1
Armor: Animal skin       |     4 |       ||     4
       Ring mail         |    16 |    11 ||    27
Dodge: Dodged            |    37 |    15 ||    52
Block: Buckler           |       |     1 ||     1
